Bears vs Heat

Created - March 5, 2023 at 19:05

Goals
1 2 3 T
Bears 2 0 1 3
Heat 0 3 3 6
Shots
1 2 3 T
Bears 11 9 19 39
Heat 9 15 10 34

1st period

1. Bears , A.J. Jenks 18 (Sam Carrick 26, Austin Wuthrich 11) at 13:56
2. Bears , Zach Stepan 13 (Mike Hoffman 22) at 15:48 (PP)

Penalties :
Dominik Masin (Sto) for Hooking (Minor) at 5:11, Austin Wuthrich (Her) for Hooking (Minor) at 11:30, Barclay Goodrow (Sto) for Hooking (Minor) at 14:27, Matthew Nieto (Sto) for Hooking (Minor) at 18:11, Mikko Vainonen (Her) for Roughing (Minor) at 19:17

2nd period

3. Heat , Barclay Goodrow 10 (Jesper Bratt 12, Philip Varone 9) at 6:09
4. Heat , Matthew Nieto 31 (Victor Rask 51, Rasmus Andersson 26) at 8:38 (PP)
5. Heat , Victor Rask 26 (Matthew Nieto 53) at 19:15

Penalties :
Mike Hoffman (Her) for Holding (Minor) at 8:01

3rd period

6. Heat , Matthew Nieto 32 (Evgeny Svechnikov 32) at 0:46
7. Bears , Sam Carrick 21 (Austin Czarnik 3, A.J. Jenks 18) at 3:15
8. Heat , Barclay Goodrow 11 (Philip Varone 10) at 9:00
9. Heat , Philip Varone 11 (Jesper Bratt 13, Rasmus Andersson 27) at 14:08 (PP)

Penalties :
Sam Carrick (Her) for Holding (Minor) at 13:30, A.J. Jenks (Her) for Holding (Minor) at 16:22

Goalie Stats

Jake Allen (Her), 28 saves from 34 shots - (0.824), L, 16-17-2, 60:00 minutes
Michael Hutchinson (Sto), 36 saves from 39 shots - (0.923), W, 25-13-3, 60:00 minutes

Players Stats for Bears

Player Name              G  A  P  +/- PIM S  H  SB GA TA FO     MP     PP MP  PK MP  
------------------------------------------------------------------------------------
A.J. Jenks               1  1  2   1  2   2  1  1  3  0  0/0    20:16   2:27   0:35 
Angelo Esposito          0  0  0  -2  0   0  1  0  2  0  2/5    11:16   0:00   1:22 
Austin Czarnik           0  1  1   1  0   3  0  1  2  0  0/3    15:47   0:00   0:00 
Austin Wuthrich          0  1  1   0  2   2  1  0  0  1  0/0     7:41   0:00   0:00 
Cole Smith               0  0  0   0  0   0  1  0  0  0  1/1     7:21   0:00   0:00 
Derek Forbort            0  0  0  -1  0   2  0  1  0  0  0/0    22:58   1:30   3:43 
Gianluca Curcuruto       0  0  0   0  0   1  1  3  0  0  0/0     9:52   0:00   0:12 
Jamie McGinn             0  0  0  -2  0   0  3  2  0  1  0/0    13:21   0:00   4:09 
Joey Laleggia            0  0  0   0  0   4  3  3  1  1  0/0    30:39   2:56   3:54 
Joshua Leivo             0  0  0  -1  0   5  2  0  0  2  0/0    16:49   1:59   0:00 
Michael Prapavessis      0  0  0   0  0   0  0  0  0  0  0/0    12:54   0:00   2:13 
Mike Hoffman             0  1  1  -1  2   4  0  1  1  1  1/2    17:51   1:59   0:21 
Mikko Vainonen           0  0  0  -2  2   1  0  0  0  0  0/0    16:13   1:29   0:00 
Nicolas Aube-Kubel       0  0  0  -2  0   5  1  1  0  0  1/1    13:30   2:27   1:14 
Sam Carrick              1  1  2   1  2   3  3  0  1  1  17/44  22:42   2:27   3:43 
Tommy Vannelli           0  0  0  -1  0   2  2  3  1  2  0/0    27:32   2:56   2:36 
Vincent Dunn             0  0  0   0  0   1  1  0  0  0  1/2     7:21   0:00   0:00 
Zach Stepan              1  0  1  -1  0   4  1  0  1  0  5/15   18:40   1:59   1:14 

Players Stats for Heat

Player Name              G  A  P  +/- PIM S  H  SB GA TA FO     MP     PP MP  PK MP  
------------------------------------------------------------------------------------
Barclay Goodrow          2  0  2   2  2   4  2  0  0  1  0/0    17:34   2:19   1:06 
Brandon Hickey           0  0  0   1  0   0  0  1  0  1  0/0    15:42   0:00   2:35 
Dominik Masin            0  0  0   0  2   0  0  2  0  1  0/0     9:48   0:00   1:05 
Eric Karlsson            0  0  0  -2  0   0  3  0  0  2  0/1     9:24   0:01   0:40 
Erik Brannstrom          0  0  0   1  0   1  0  0  1  1  0/0    16:40   1:43   0:08 
Evgeny Svechnikov        0  1  1   2  0   5  2  1  1  0  2/3    22:03   3:19   0:00 
Frank Corrado            0  0  0   0  0   1  1  2  0  2  0/0    26:42   4:36   0:46 
Jesper Bratt             0  2  2   2  0   1  3  1  0  0  0/0    19:15   2:19   2:45 
Mathieu Brodeur          0  0  0   2  0   2  0  0  3  0  0/0    23:03   1:43   2:08 
Matthew Nieto            2  1  3   2  2   5  0  1  0  1  1/2    22:40   3:59   0:00 
Nico Sturm               0  0  0   0  0   1  1  0  0  0  1/3     9:23   0:40   1:20 
Peter Cehlarik           0  0  0   0  0   0  0  0  1  0  0/0     7:05   0:01   0:00 
Philip Varone            1  2  3   2  0   5  3  0  1  0  11/19  19:15   2:19   2:45 
Rasmus Andersson         0  2  2   0  0   4  0  0  0  1  0/0    28:05   4:36   2:10 
Ryan Spooner             0  0  0  -2  0   1  2  0  1  0  1/4     9:00   0:00   0:16 
Tage Thompson            0  0  0   0  0   0  0  0  0  0  0/0     7:05   0:01   0:00 
Trevor Carrick           0  0  0  -2  0   0  0  0  0  0  0/0     8:25   0:00   0:00 
Victor Rask              1  1  2   2  0   4  2  1  1  2  29/41  23:29   3:59   0:00 

3 Stars

1 - Philip Varone (Sto)
2 - Matthew Nieto (Sto)
3 - Barclay Goodrow (Sto)

Power Play

Bears - 1 on 3 Attempt(s) - 33.33%
Heat - 2 on 5 Attempt(s) - 40.00%

Penalty Kill

Bears - 3 on 5 Attempt(s) - 60.00% - Score 0 goal in Penalty Kill
Heat - 2 on 3 Attempt(s) - 66.67% - Score 0 goal in Penalty Kill

Team Stat

Bears - Hits : 21 - Faceoff Wins : 28 - Blocked Shots : 16 - Penalty Minutes : 10
Heat - Hits : 19 - Faceoff Wins : 45 - Blocked Shots : 9 - Penalty Minutes : 6

Official

Referees : Frederick L'Ecuyer and Francois St. Laurent
Linesman : James Tobias and Bevan Mills

Game Notes

No Game Note

Finance

Level 1 -- Attendance: 1842 (92.10%) -- Ticket Income $64,470
Level 2 -- Attendance: 999 (99.90%) -- Ticket Income $14,985
Total Attendance: 2841 (94.70%)
Total Ticket Income: $79,455
Other Income: $3,973
Total Income: $83,428

Bears

5 vs 5 Forward 
   Center                   Left Wing                Right Wing               Time % Phy DF OF 
 1 Sam Carrick              A.J. Jenks               Austin Czarnik           40     0   0  5  
 2 Zach Stepan              Mike Hoffman             Joshua Leivo             30     0   1  4  
 3 Angelo Esposito          Jamie McGinn             Nicolas Aube-Kubel       20     0   2  3  
 4 Vincent Dunn             Cole Smith               Austin Wuthrich          10     0   3  2  

5 vs 5 Defense 
   Defense                  Defense                                           Time % Phy DF OF 
 1 Joey Laleggia            Tommy Vannelli                                    40     0   2  3  
 2 Derek Forbort            Mikko Vainonen                                    30     0   3  2  
 3 Gianluca Curcuruto       Michael Prapavessis                               20     0   3  2  
 4 Joey Laleggia            Derek Forbort                                     10     0   2  3  

PowerPlay Forward 
   Center                   Left Wing                Right Wing               Time % Phy DF OF 
 1 Sam Carrick              A.J. Jenks               Nicolas Aube-Kubel       60     0   0  5  
 2 Zach Stepan              Mike Hoffman             Joshua Leivo             40     0   0  5  

PowerPlay Defense
   Defense                  Defense                                           Time % Phy DF OF 
 1 Joey Laleggia            Tommy Vannelli                                    60     0   2  3  
 2 Derek Forbort            Mikko Vainonen                                    40     0   2  3  

Penalty Kill 4 Players Forward 
   Center                   Wing                     Time % Phy DF OF 
 1 Sam Carrick              Jamie McGinn             60     0   4  1  
 2 Zach Stepan              Nicolas Aube-Kubel       40     0   4  1  

Penalty Kill 4 Players Defense
   Defense                  Defense                  Time % Phy DF OF 
 1 Joey Laleggia            Derek Forbort            60     0   4  1  
 2 Tommy Vannelli           Michael Prapavessis      40     0   4  1  

Penalty Kill - 3 Players Forward 
   Forward                                           Time % Phy DF OF 
 1 Sam Carrick                                       60     0   5  0  
 2 Zach Stepan                                       40     0   5  0  

Penalty Kill - 3 Players Defense
   Defense                  Defense                  Time % Phy DF OF 
 1 Joey Laleggia            Derek Forbort            60     0   5  0  
 2 Tommy Vannelli           Michael Prapavessis      40     0   5  0  

4 vs 4 Forward 
   Center                   Wing                     Time % Phy DF OF 
 1 Sam Carrick              A.J. Jenks               60     0   0  5  
 2 Zach Stepan              Nicolas Aube-Kubel       40     0   0  5  

4 vs 4 Defense
   Defense                  Defense                  Time % Phy DF OF 
 1 Joey Laleggia            Tommy Vannelli           60     0   2  3  
 2 Derek Forbort            Mikko Vainonen           40     0   2  3  

Last Minutes Offensive
   Center                   Left Wing                Right Wing               Defense                  Defense                  
   Sam Carrick              A.J. Jenks               Nicolas Aube-Kubel       Joey Laleggia            Tommy Vannelli           

Last Minutes Defensive
   Center                   Left Wing                Right Wing               Defense                  Defense                  
   Sam Carrick              Jamie McGinn             Nicolas Aube-Kubel       Joey Laleggia            Derek Forbort            

Goaltenders
Starting : Jake Allen               
Backup : Sami Aittokallio         

Extra Forwards
Normal : Sam Carrick, A.J. Jenks, Austin Czarnik - PP : Sam Carrick, A.J. Jenks - PK : Sam Carrick
Extra Defensemen
Normal : Joey Laleggia, Derek Forbort, Tommy Vannelli - PP : Joey Laleggia - PK : Joey Laleggia, Derek Forbort
Penalty Shots
Joshua Leivo, Nicolas Aube-Kubel, A.J. Jenks, Sam Carrick, Jamie McGinn

Scratches
Brett Bulmer (Healthy), Colby Cave (Healthy), Emil Johansson (Healthy), Jesper Pettersson (Healthy), Kerby Rychel (Fractured Bone in Right Hand Injury)
David Farrance (Healthy), Mackenze Stewart (Healthy), Zack Hayes (Healthy), Jacob Bryson (Healthy), Mario Ferraro (Healthy)
Will Reilly (Healthy), Kristians Rubins (Healthy), Nikolay Prokhorkin (Healthy), Ryan Graves (Healthy), Isaac Ratcliffe (Healthy)
Warren Foegele (Healthy), Logan O'Connor (Healthy), Nicholas Caamano (Healthy), Jakob Stenqvist (Healthy), Arvid Henrikson (Healthy)
Kirill Maksimov (Healthy)

Heat

5 vs 5 Forward 
   Center                   Left Wing                Right Wing               Time % Phy DF OF 
 1 Victor Rask              Matthew Nieto            Evgeny Svechnikov        40     1   2  2  
 2 Philip Varone            Jesper Bratt             Barclay Goodrow          30     1   2  2  
 3 Ryan Spooner             Eric Karlsson            Trevor Carrick           20     1   2  2  
 4 Nico Sturm               Peter Cehlarik           Tage Thompson            10     1   2  2  

5 vs 5 Defense 
   Defense                  Defense                                           Time % Phy DF OF 
 1 Rasmus Andersson         Frank Corrado                                     40     1   2  2  
 2 Erik Brannstrom          Mathieu Brodeur                                   30     1   2  2  
 3 Brandon Hickey           Dominik Masin                                     20     1   2  2  
 4 Brandon Hickey           Mathieu Brodeur                                   10     1   2  2  

PowerPlay Forward 
   Center                   Left Wing                Right Wing               Time % Phy DF OF 
 1 Victor Rask              Matthew Nieto            Evgeny Svechnikov        60     1   2  2  
 2 Philip Varone            Jesper Bratt             Barclay Goodrow          40     1   2  2  

PowerPlay Defense
   Defense                  Defense                                           Time % Phy DF OF 
 1 Rasmus Andersson         Frank Corrado                                     60     1   2  2  
 2 Erik Brannstrom          Mathieu Brodeur                                   40     1   2  2  

Penalty Kill 4 Players Forward 
   Center                   Wing                     Time % Phy DF OF 
 1 Philip Varone            Jesper Bratt             60     1   2  2  
 2 Nico Sturm               Barclay Goodrow          40     1   2  2  

Penalty Kill 4 Players Defense
   Defense                  Defense                  Time % Phy DF OF 
 1 Rasmus Andersson         Dominik Masin            60     1   2  2  
 2 Brandon Hickey           Mathieu Brodeur          40     1   2  2  

Penalty Kill - 3 Players Forward 
   Forward                                           Time % Phy DF OF 
 1 Matthew Nieto                                     60     1   2  2  
 2 Philip Varone                                     40     1   2  2  

Penalty Kill - 3 Players Defense
   Defense                  Defense                  Time % Phy DF OF 
 1 Rasmus Andersson         Frank Corrado            60     1   2  2  
 2 Brandon Hickey           Mathieu Brodeur          40     1   2  2  

4 vs 4 Forward 
   Center                   Wing                     Time % Phy DF OF 
 1 Victor Rask              Matthew Nieto            60     1   2  2  
 2 Philip Varone            Evgeny Svechnikov        40     1   2  2  

4 vs 4 Defense
   Defense                  Defense                  Time % Phy DF OF 
 1 Rasmus Andersson         Frank Corrado            60     1   2  2  
 2 Erik Brannstrom          Mathieu Brodeur          40     1   2  2  

Last Minutes Offensive
   Center                   Left Wing                Right Wing               Defense                  Defense                  
   Victor Rask              Matthew Nieto            Evgeny Svechnikov        Rasmus Andersson         Frank Corrado            

Last Minutes Defensive
   Center                   Left Wing                Right Wing               Defense                  Defense                  
   Philip Varone            Matthew Nieto            Evgeny Svechnikov        Rasmus Andersson         Frank Corrado            

Goaltenders
Starting : Michael Hutchinson       
Backup : Vitek Vanecek            

Extra Forwards
Normal : Nico Sturm, Ryan Spooner, Evgeny Svechnikov - PP : Philip Varone, Peter Cehlarik - PK : Barclay Goodrow
Extra Defensemen
Normal : Mathieu Brodeur, Erik Brannstrom, Brandon Hickey - PP : Erik Brannstrom - PK : Dominik Masin, Brandon Hickey
Penalty Shots
Evgeny Svechnikov, Matthew Nieto, Jesper Bratt, Victor Rask, Philip Varone

Scratches
Chris Brown (Healthy), Christian Jaros (Healthy), Skyler Brind'Amour (Healthy), John Gilmour (Healthy), Darren Raddysh (Healthy)
Petteri Lindbohm (Healthy), Ryan Donato (Healthy), Ivan Chekhovich (Healthy), Vladislav Kamenev (Healthy), Taylor Raddysh (Healthy)
Radim Zohorna (Healthy), Collin Delia (Healthy)

% Time on Ice - Bears

Lines # - Real PCT - Wanted PCT - Time Play
Normal Forward
1 - 34% - 40% - 16:29
2 - 32% - 30% - 15:20
3 - 19% - 20% - 9:12
4 - 15% - 10% - 7:21
Normal Defense
1 - 42% - 40% - 20:33
2 - 33% - 30% - 15:46
3 - 20% - 20% - 9:30
4 - 5% - 10% - 2:33
PP Forward
1 - 55% - 60% - 2:27
2 - 45% - 40% - 1:59
PP Defense
1 - 66% - 60% - 2:56
2 - 34% - 40% - 1:30
PK Forward
1 - 80% - 60% - 5:05
2 - 20% - 40% - 1:14
PK Defense
1 - 65% - 60% - 4:06
2 - 35% - 40% - 2:13
PK3 Forward
1 - 0% - 60%
2 - 0% - 40%
PK3 Defense
1 - 0% - 60%
2 - 0% - 40%
44 Forward
1 - 87% - 60% - 0:46
2 - 13% - 40% - 0:07
44 Defense
1 - 81% - 60% - 0:43
2 - 19% - 40% - 0:10
Last Minute Offensive  - 0:00
Last Minute Defensive  - 0:00
Total
Forward - 60:00
Defense - 60:00

% Time on Ice - Heat

Lines # - Real PCT - Wanted PCT - Time Play
Normal Forward
1 - 39% - 40% - 19:01
2 - 29% - 30% - 14:10
3 - 17% - 20% - 8:25
4 - 14% - 10% - 6:46
Normal Defense
1 - 43% - 40% - 20:48
2 - 30% - 30% - 14:27
3 - 18% - 20% - 8:43
4 - 9% - 10% - 4:24
PP Forward
1 - 63% - 60% - 4:00
2 - 37% - 40% - 2:19
PP Defense
1 - 73% - 60% - 4:36
2 - 27% - 40% - 1:43
PK Forward
1 - 70% - 60% - 3:06
2 - 30% - 40% - 1:20
PK Defense
1 - 52% - 60% - 2:18
2 - 48% - 40% - 2:08
PK3 Forward
1 - 0% - 60%
2 - 0% - 40%
PK3 Defense
1 - 0% - 60%
2 - 0% - 40%
44 Forward
1 - 100% - 60% - 0:53
2 - 0% - 40% - 0:00
44 Defense
1 - 60% - 60% - 0:32
2 - 40% - 40% - 0:21
Last Minute Offensive  - 0:00
Last Minute Defensive  - 0:00
Total
Forward - 60:00
Defense - 60:00

Play-by-Play

1st period


0:01 of 1st period - Sam Carrick wins face-off versus Victor Rask in neutral zone.
0:11 of 1st period - Snap shot by Evgeny Svechnikov.
0:11 of 1st period - Stopped by Jake Allen without a rebound.
0:12 of 1st period - Philip Varone wins face-off versus Zach Stepan in Bears zone.
0:13 of 1st period - Snap shot by Jesper Bratt.
0:13 of 1st period - Shot Misses the Net.
0:25 of 1st period - Backhand shot by Mike Hoffman.
0:25 of 1st period - Stopped by Michael Hutchinson without a rebound.
0:26 of 1st period - Ryan Spooner wins face-off versus Angelo Esposito in Heat zone.
1:01 of 1st period - Snap shot by Rasmus Andersson.
1:01 of 1st period - Deflect By Nicolas Aube-Kubel.
1:01 of 1st period - Stopped by Jake Allen without a rebound.
1:02 of 1st period - Victor Rask wins face-off versus Sam Carrick in Bears zone.
1:03 of 1st period - Backhand shot by Matthew Nieto.
1:03 of 1st period - Shot Blocked by Joey Laleggia.
1:11 of 1st period - Snap shot by Austin Czarnik.
1:11 of 1st period - Stopped by Michael Hutchinson without a rebound.
1:12 of 1st period - Victor Rask wins face-off versus Sam Carrick in Heat zone.
1:21 of 1st period - Slapshot by A.J. Jenks.
1:21 of 1st period - Stopped by Michael Hutchinson with a rebound.
1:49 of 1st period - Wrist shot by Victor Rask.
1:49 of 1st period - Stopped by Jake Allen without a rebound.
1:50 of 1st period - Zach Stepan wins face-off versus Philip Varone in Bears zone.
2:01 of 1st period - Wrist shot by Philip Varone.
2:01 of 1st period - Stopped by Jake Allen without a rebound.
2:02 of 1st period - Cole Smith wins face-off versus Philip Varone in Bears zone.
2:11 of 1st period - Mathieu Brodeur is hit by Joey Laleggia and loses puck.
2:30 of 1st period - Snap shot by Trevor Carrick.
2:30 of 1st period - Deflect By Ryan Spooner.
2:30 of 1st period - Shot Misses the Net.
2:30 of 1st period - Puck is out of play.
2:31 of 1st period - Zach Stepan wins face-off versus Ryan Spooner in Bears zone.
2:36 of 1st period - Trevor Carrick is hit by Joshua Leivo and loses puck.
3:45 of 1st period - Peter Cehlarik is hit by Cole Smith and loses puck.
5:08 of 1st period - Slapshot by Vincent Dunn.
5:08 of 1st period - Stopped by Michael Hutchinson without a rebound.
5:09 of 1st period - Evgeny Svechnikov wins face-off versus Sam Carrick in Heat zone.
5:11 of 1st period - Minor Penalty to Dominik Masin for Hooking.
5:12 of 1st period - Philip Varone wins face-off versus Sam Carrick in Heat zone.
5:12 of 1st period - Philip Varone is hit by Sam Carrick.
6:35 of 1st period - Zach Stepan is hit by Ryan Spooner.
6:41 of 1st period - Joey Laleggia is hit by Ryan Spooner.
6:51 of 1st period - Nicolas Aube-Kubel is hit by Barclay Goodrow and loses puck.
7:11 of 1st period - Penalty to Dominik Masin is over, Dominik Masin is back on ice.
7:33 of 1st period - Michael Prapavessis is hit by Eric Karlsson and loses puck.
8:02 of 1st period - Backhand shot by Peter Cehlarik.
8:02 of 1st period - Deflect By Tage Thompson.
8:02 of 1st period - Deflect By Austin Czarnik.
8:02 of 1st period - Shot Misses the Net.
8:02 of 1st period - Puck is out of play.
8:03 of 1st period - Sam Carrick wins face-off versus Nico Sturm in Bears zone.
8:18 of 1st period - Cole Smith is hit by Philip Varone and loses puck.
8:25 of 1st period - Slapshot by Philip Varone.
8:25 of 1st period - Stopped by Jake Allen without a rebound.
8:26 of 1st period - Zach Stepan wins face-off versus Matthew Nieto in Bears zone.
8:57 of 1st period - Slapshot by Nicolas Aube-Kubel.
8:57 of 1st period - Shot Misses the Net.
9:01 of 1st period - Snap shot by Angelo Esposito.
9:01 of 1st period - Shot Misses the Net.
9:03 of 1st period - Wrist shot by Jamie McGinn.
9:03 of 1st period - Shot Misses the Net.
9:05 of 1st period - Slapshot by Mikko Vainonen.
9:05 of 1st period - Shot Misses the Net.
9:26 of 1st period - Snap shot by Rasmus Andersson.
9:26 of 1st period - Shot Misses the Net.
9:35 of 1st period - Icing by Rasmus Andersson.
9:36 of 1st period - Vincent Dunn wins face-off versus Nico Sturm in Heat zone.
9:37 of 1st period - Slapshot by Tommy Vannelli.
9:37 of 1st period - Shot Misses the Net.
10:12 of 1st period - Slapshot by Joey Laleggia.
10:12 of 1st period - Stopped by Michael Hutchinson without a rebound.
10:13 of 1st period - Victor Rask wins face-off versus Sam Carrick in Heat zone.
11:30 of 1st period - Minor Penalty to Austin Wuthrich for Hooking.
11:31 of 1st period - Sam Carrick wins face-off versus Victor Rask in Bears zone.
11:42 of 1st period - Rasmus Andersson is hit by Jamie McGinn and loses puck.
12:28 of 1st period - Slapshot by A.J. Jenks.
12:28 of 1st period - Shot Misses the Net.
13:30 of 1st period - Penalty to Austin Wuthrich is over, Austin Wuthrich is back on ice.
13:42 of 1st period - Slapshot by Eric Karlsson.
13:42 of 1st period - Shot Blocked by Joey Laleggia.
13:44 of 1st period - Snap shot by Eric Karlsson.
13:44 of 1st period - Shot Misses the Net.
13:56 of 1st period - Wrist shot by A.J. Jenks.
13:56 of 1st period - Goal by A.J. Jenks - Bears : 1 - Heat : 0.
13:57 of 1st period - Victor Rask wins face-off versus Sam Carrick in neutral zone.
14:14 of 1st period - Wrist shot by Matthew Nieto.
14:14 of 1st period - Shot Blocked by Gianluca Curcuruto.
14:27 of 1st period - Minor Penalty to Barclay Goodrow for Hooking.
14:28 of 1st period - Philip Varone wins face-off versus Sam Carrick in Heat zone.
14:59 of 1st period - Snap shot by Joshua Leivo.
14:59 of 1st period - Shot Misses the Net.
15:01 of 1st period - Snap shot by Zach Stepan.
15:01 of 1st period - Stopped by Michael Hutchinson without a rebound.
15:02 of 1st period - Nico Sturm wins face-off versus Zach Stepan in Heat zone.
15:07 of 1st period - Wrist shot by Joshua Leivo.
15:07 of 1st period - Stopped by Michael Hutchinson with a rebound.
15:09 of 1st period - Snap shot by Zach Stepan.
15:09 of 1st period - Shot Blocked by Brandon Hickey.
15:11 of 1st period - Slapshot by Mikko Vainonen.
15:11 of 1st period - Stopped by Michael Hutchinson without a rebound.
15:12 of 1st period - Philip Varone wins face-off versus Sam Carrick in Heat zone.
15:39 of 1st period - Jesper Bratt is hit by Joshua Leivo and loses puck.
15:48 of 1st period - Snap shot by Zach Stepan.
15:48 of 1st period - Goal by Zach Stepan - Bears : 2 - Heat : 0.
15:49 of 1st period - Victor Rask wins face-off versus Sam Carrick in neutral zone.
15:58 of 1st period - Slapshot by Matthew Nieto.
15:58 of 1st period - Deflect By Evgeny Svechnikov.
15:58 of 1st period - Stopped by Jake Allen with a rebound.
16:00 of 1st period - Slapshot by Rasmus Andersson.
16:00 of 1st period - Shot Misses the Net.
16:02 of 1st period - Snap shot by Evgeny Svechnikov.
16:02 of 1st period - Deflect By Victor Rask.
16:02 of 1st period - Shot Misses the Net.
16:02 of 1st period - Puck is out of play.
16:03 of 1st period - Sam Carrick wins face-off versus Victor Rask in Bears zone.
16:08 of 1st period - Snap shot by A.J. Jenks.
16:08 of 1st period - Deflect By Erik Brannstrom.
16:08 of 1st period - Shot Misses the Net.
16:08 of 1st period - Puck is out of play.
16:09 of 1st period - Victor Rask wins face-off versus Sam Carrick in Heat zone.
16:14 of 1st period - Wrist shot by Victor Rask.
16:14 of 1st period - Shot Misses the Net.
16:16 of 1st period - Slapshot by Erik Brannstrom.
16:16 of 1st period - Shot Blocked by Joey Laleggia.
16:18 of 1st period - Slapshot by Victor Rask.
16:18 of 1st period - Stopped by Jake Allen with a rebound.
16:20 of 1st period - Slapshot by Mathieu Brodeur.
16:20 of 1st period - Stopped by Jake Allen with a rebound.
17:02 of 1st period - Snap shot by Ryan Spooner.
17:02 of 1st period - Shot Misses the Net.
17:22 of 1st period - Tage Thompson is hit by Vincent Dunn and loses puck.
17:39 of 1st period - Snap shot by Victor Rask.
17:39 of 1st period - Shot Misses the Net.
17:41 of 1st period - Wrist shot by Evgeny Svechnikov.
17:41 of 1st period - Stopped by Jake Allen without a rebound.
17:42 of 1st period - Victor Rask wins face-off versus Sam Carrick in Bears zone.
17:45 of 1st period - Snap shot by Victor Rask.
17:45 of 1st period - Shot Misses the Net.
17:47 of 1st period - Backhand shot by Evgeny Svechnikov.
17:47 of 1st period - Deflect By Matthew Nieto.
17:47 of 1st period - Shot Blocked by Austin Czarnik.
17:47 of 1st period - Puck is out of play.
17:48 of 1st period - Victor Rask wins face-off versus Sam Carrick in Bears zone.
18:11 of 1st period - Minor Penalty to Matthew Nieto for Hooking.
18:12 of 1st period - Sam Carrick wins face-off versus Philip Varone in Heat zone.
18:19 of 1st period - Slapshot by Nicolas Aube-Kubel.
18:19 of 1st period - Stopped by Michael Hutchinson without a rebound.
18:20 of 1st period - Sam Carrick wins face-off versus Philip Varone in Heat zone.
19:09 of 1st period - Barclay Goodrow is hit by Sam Carrick and loses puck.
19:17 of 1st period - Minor Penalty to Mikko Vainonen for Roughing.
19:18 of 1st period - Sam Carrick wins face-off versus Victor Rask in Bears zone.
19:44 of 1st period - Wrist shot by Victor Rask.
19:44 of 1st period - Shot Blocked by Tommy Vannelli.
Goals for this period are 2 for Bears vs 0 for Heat.
Shots for this period are 11 for Bears vs 9 for Heat.

2nd period


0:01 of 2nd period - Sam Carrick wins face-off versus Victor Rask in neutral zone.
0:04 of 2nd period - Frank Corrado is hit by Joey Laleggia and loses puck.
0:09 of 2nd period - Wrist shot by Sam Carrick.
0:09 of 2nd period - Stopped by Michael Hutchinson without a rebound.
0:10 of 2nd period - Victor Rask wins face-off versus Sam Carrick in Heat zone.
0:11 of 2nd period - Penalty to Matthew Nieto is over, Matthew Nieto is back on ice.
0:29 of 2nd period - Joey Laleggia is hit by Frank Corrado and loses puck.
0:40 of 2nd period - Snap shot by Rasmus Andersson.
0:40 of 2nd period - Shot Blocked by Derek Forbort.
0:42 of 2nd period - Wrist shot by Victor Rask.
0:42 of 2nd period - Shot Blocked by Jamie McGinn.
0:46 of 2nd period - Slapshot by Rasmus Andersson.
0:46 of 2nd period - Stopped by Jake Allen with a rebound.
0:48 of 2nd period - Slapshot by Nico Sturm.
0:48 of 2nd period - Stopped by Jake Allen with a rebound.
0:50 of 2nd period - Slapshot by Frank Corrado.
0:50 of 2nd period - Stopped by Jake Allen without a rebound.
0:51 of 2nd period - Philip Varone wins face-off versus Sam Carrick in Bears zone.
1:06 of 2nd period - Backhand shot by Jesper Bratt.
1:06 of 2nd period - Shot Misses the Net.
1:16 of 2nd period - Victor Rask is hit by Tommy Vannelli and loses puck.
1:17 of 2nd period - Penalty to Mikko Vainonen is over, Mikko Vainonen is back on ice.
1:35 of 2nd period - Trevor Carrick is hit by Austin Wuthrich.
1:59 of 2nd period - Snap shot by Mike Hoffman.
1:59 of 2nd period - Stopped by Michael Hutchinson with a rebound.
2:01 of 2nd period - Slapshot by Derek Forbort.
2:01 of 2nd period - Shot Blocked by Dominik Masin.
2:32 of 2nd period - Icing by Austin Czarnik.
2:33 of 2nd period - Sam Carrick wins face-off versus Philip Varone in Bears zone.
2:58 of 2nd period - Mike Hoffman is hit by Eric Karlsson.
3:16 of 2nd period - Snap shot by Nicolas Aube-Kubel.
3:16 of 2nd period - Stopped by Michael Hutchinson without a rebound.
3:17 of 2nd period - Victor Rask wins face-off versus Zach Stepan in Heat zone.
3:22 of 2nd period - Snap shot by Evgeny Svechnikov.
3:22 of 2nd period - Stopped by Jake Allen without a rebound.
3:23 of 2nd period - Victor Rask wins face-off versus Zach Stepan in Bears zone.
3:36 of 2nd period - Slapshot by Joshua Leivo.
3:36 of 2nd period - Stopped by Michael Hutchinson with a rebound.
4:20 of 2nd period - Wrist shot by Nico Sturm.
4:20 of 2nd period - Shot Misses the Net.
4:22 of 2nd period - Slapshot by Frank Corrado.
4:22 of 2nd period - Shot Blocked by Tommy Vannelli.
4:24 of 2nd period - Snap shot by Tage Thompson.
4:24 of 2nd period - Shot Misses the Net.
5:02 of 2nd period - Snap shot by Evgeny Svechnikov.
5:02 of 2nd period - Deflect By Victor Rask.
5:02 of 2nd period - Stopped by Jake Allen without a rebound.
5:03 of 2nd period - Victor Rask wins face-off versus Zach Stepan in Bears zone.
5:38 of 2nd period - Off-side.
5:39 of 2nd period - Nicolas Aube-Kubel wins face-off versus Philip Varone in neutral zone.
5:48 of 2nd period - Wrist shot by Nicolas Aube-Kubel.
5:48 of 2nd period - Shot Blocked by Jesper Bratt.
6:05 of 2nd period - Wrist shot by Jesper Bratt.
6:05 of 2nd period - Shot Blocked by Nicolas Aube-Kubel.
6:07 of 2nd period - Snap shot by Jesper Bratt.
6:07 of 2nd period - Shot Misses the Net.
6:09 of 2nd period - Slapshot by Barclay Goodrow.
6:09 of 2nd period - Deflect By Mikko Vainonen.
6:09 of 2nd period - Goal by Barclay Goodrow - Bears : 2 - Heat : 1.
6:10 of 2nd period - Victor Rask wins face-off versus Sam Carrick in neutral zone.
6:13 of 2nd period - Wrist shot by Matthew Nieto.
6:13 of 2nd period - Stopped by Jake Allen without a rebound.
6:14 of 2nd period - Victor Rask wins face-off versus Sam Carrick in Bears zone.
7:34 of 2nd period - Snap shot by Austin Wuthrich.
7:34 of 2nd period - Shot Misses the Net.
8:01 of 2nd period - Minor Penalty to Mike Hoffman for Holding.
8:02 of 2nd period - Victor Rask wins face-off versus Sam Carrick in Bears zone.
8:10 of 2nd period - Snap shot by Victor Rask.
8:10 of 2nd period - Deflect By Matthew Nieto.
8:10 of 2nd period - Shot Blocked by Jamie McGinn.
8:10 of 2nd period - Puck is out of play.
8:11 of 2nd period - Victor Rask wins face-off versus Sam Carrick in Bears zone.
8:38 of 2nd period - Slapshot by Matthew Nieto.
8:38 of 2nd period - Goal by Matthew Nieto - Bears : 2 - Heat : 2.
8:39 of 2nd period - Victor Rask wins face-off versus Austin Czarnik in neutral zone.
8:44 of 2nd period - Wrist shot by Matthew Nieto.
8:44 of 2nd period - Shot Misses the Net.
8:54 of 2nd period - Snap shot by Rasmus Andersson.
8:54 of 2nd period - Stopped by Jake Allen without a rebound.
8:55 of 2nd period - Philip Varone wins face-off versus Zach Stepan in Bears zone.
9:06 of 2nd period - Wrist shot by Barclay Goodrow.
9:06 of 2nd period - Stopped by Jake Allen without a rebound.
9:07 of 2nd period - Sam Carrick wins face-off versus Victor Rask in Bears zone.
9:33 of 2nd period - Joshua Leivo is hit by Philip Varone and loses puck.
9:41 of 2nd period - Icing by Mike Hoffman.
9:42 of 2nd period - Philip Varone wins face-off versus Zach Stepan in Bears zone.
12:00 of 2nd period - Victor Rask is hit by Jamie McGinn and loses puck.
12:07 of 2nd period - Backhand shot by Jamie McGinn.
12:07 of 2nd period - Shot Misses the Net.
12:19 of 2nd period - Joey Laleggia is hit by Eric Karlsson and loses puck.
13:14 of 2nd period - Slapshot by Ryan Spooner.
13:14 of 2nd period - Deflect By Nicolas Aube-Kubel.
13:14 of 2nd period - Stopped by Jake Allen with a rebound.
13:36 of 2nd period - Wrist shot by Philip Varone.
13:36 of 2nd period - Stopped by Jake Allen with a rebound.
13:38 of 2nd period - Slapshot by Barclay Goodrow.
13:38 of 2nd period - Shot Blocked by Gianluca Curcuruto.
13:48 of 2nd period - A.J. Jenks is hit by Victor Rask and loses puck.
14:47 of 2nd period - Off-side.
14:48 of 2nd period - Zach Stepan wins face-off versus Victor Rask in neutral zone.
14:51 of 2nd period - Slapshot by Joey Laleggia.
14:51 of 2nd period - Shot Misses the Net.
14:53 of 2nd period - Backhand shot by Joey Laleggia.
14:53 of 2nd period - Shot Misses the Net.
15:13 of 2nd period - Joey Laleggia is hit by Jesper Bratt and loses puck.
15:20 of 2nd period - Wrist shot by Jamie McGinn.
15:20 of 2nd period - Shot Blocked by Dominik Masin.
16:28 of 2nd period - Backhand shot by Joey Laleggia.
16:28 of 2nd period - Stopped by Michael Hutchinson with a rebound.
16:30 of 2nd period - Wrist shot by Zach Stepan.
16:30 of 2nd period - Shot Hit the Post.
16:34 of 2nd period - Backhand shot by Mike Hoffman.
16:34 of 2nd period - Stopped by Michael Hutchinson with a rebound.
16:36 of 2nd period - Wrist shot by Joey Laleggia.
16:36 of 2nd period - Shot Misses the Net.
16:38 of 2nd period - Slapshot by Zach Stepan.
16:38 of 2nd period - Stopped by Michael Hutchinson without a rebound.
16:39 of 2nd period - Victor Rask wins face-off versus Sam Carrick in Heat zone.
16:39 of 2nd period - Victor Rask is hit by Sam Carrick.
17:00 of 2nd period - A.J. Jenks is hit by Evgeny Svechnikov and loses puck.
18:15 of 2nd period - Wrist shot by Nicolas Aube-Kubel.
18:15 of 2nd period - Stopped by Michael Hutchinson with a rebound.
18:21 of 2nd period - Snap shot by Philip Varone.
18:21 of 2nd period - Deflect By Jesper Bratt.
18:21 of 2nd period - Stopped by Jake Allen with a rebound.
18:46 of 2nd period - Wrist shot by Austin Czarnik.
18:46 of 2nd period - Shot Misses the Net.
18:49 of 2nd period - Icing by Rasmus Andersson.
18:50 of 2nd period - Evgeny Svechnikov wins face-off versus Zach Stepan in Heat zone.
18:59 of 2nd period - Wrist shot by Matthew Nieto.
18:59 of 2nd period - Stopped by Jake Allen without a rebound.
19:00 of 2nd period - Zach Stepan wins face-off versus Victor Rask in Bears zone.
19:15 of 2nd period - Wrist shot by Victor Rask.
19:15 of 2nd period - Goal by Victor Rask - Bears : 2 - Heat : 3.
19:16 of 2nd period - Sam Carrick wins face-off versus Victor Rask in neutral zone.
19:19 of 2nd period - Slapshot by Joey Laleggia.
19:19 of 2nd period - Stopped by Michael Hutchinson without a rebound.
19:20 of 2nd period - Victor Rask wins face-off versus Sam Carrick in Heat zone.
19:53 of 2nd period - Slapshot by Barclay Goodrow.
19:53 of 2nd period - Shot Misses the Net.
19:55 of 2nd period - Wrist shot by Jesper Bratt.
19:55 of 2nd period - Shot Misses the Net.
Goals for this period are 0 for Bears vs 3 for Heat.
Shots for this period are 9 for Bears vs 15 for Heat.

3rd period


0:01 of 3rd period - Victor Rask wins face-off versus Sam Carrick in neutral zone.
0:16 of 3rd period - Snap shot by Sam Carrick.
0:16 of 3rd period - Stopped by Michael Hutchinson without a rebound.
0:17 of 3rd period - Philip Varone wins face-off versus Zach Stepan in Heat zone.
0:30 of 3rd period - Wrist shot by Joshua Leivo.
0:30 of 3rd period - Stopped by Michael Hutchinson with a rebound.
0:42 of 3rd period - Joey Laleggia is hit by Evgeny Svechnikov.
0:46 of 3rd period - Backhand shot by Matthew Nieto.
0:46 of 3rd period - Goal by Matthew Nieto - Bears : 2 - Heat : 4.
0:47 of 3rd period - Victor Rask wins face-off versus Sam Carrick in neutral zone.
1:21 of 3rd period - Snap shot by Philip Varone.
1:21 of 3rd period - Stopped by Jake Allen without a rebound.
1:22 of 3rd period - Mike Hoffman wins face-off versus Philip Varone in Bears zone.
1:27 of 3rd period - Snap shot by Joshua Leivo.
1:27 of 3rd period - Stopped by Michael Hutchinson without a rebound.
1:28 of 3rd period - Philip Varone wins face-off versus Zach Stepan in Heat zone.
1:58 of 3rd period - Victor Rask is hit by A.J. Jenks and loses puck.
2:13 of 3rd period - Mathieu Brodeur is hit by Angelo Esposito and loses puck.
2:57 of 3rd period - Snap shot by Joshua Leivo.
2:57 of 3rd period - Shot Misses the Net.
2:59 of 3rd period - Slapshot by Zach Stepan.
2:59 of 3rd period - Stopped by Michael Hutchinson without a rebound.
3:00 of 3rd period - Sam Carrick wins face-off versus Ryan Spooner in Heat zone.
3:15 of 3rd period - Snap shot by Sam Carrick.
3:15 of 3rd period - Goal by Sam Carrick - Bears : 3 - Heat : 4.
3:16 of 3rd period - Victor Rask wins face-off versus Austin Czarnik in neutral zone.
3:42 of 3rd period - Joshua Leivo is hit by Barclay Goodrow and loses puck.
3:50 of 3rd period - Off-side.
3:51 of 3rd period - Sam Carrick wins face-off versus Eric Karlsson in neutral zone.
3:54 of 3rd period - Eric Karlsson is hit by Gianluca Curcuruto and loses puck.
4:07 of 3rd period - Snap shot by Austin Czarnik.
4:07 of 3rd period - Stopped by Michael Hutchinson without a rebound.
4:08 of 3rd period - Victor Rask wins face-off versus Angelo Esposito in Heat zone.
4:08 of 3rd period - Victor Rask is hit by Nicolas Aube-Kubel.
4:42 of 3rd period - Slapshot by Mathieu Brodeur.
4:42 of 3rd period - Shot Blocked by Tommy Vannelli.
4:44 of 3rd period - Slapshot by Erik Brannstrom.
4:44 of 3rd period - Deflect By Jesper Bratt.
4:44 of 3rd period - Shot Misses the Net.
4:44 of 3rd period - Puck is out of play.
4:45 of 3rd period - Victor Rask wins face-off versus Austin Czarnik in Bears zone.
5:02 of 3rd period - Snap shot by Matthew Nieto.
5:02 of 3rd period - Shot Blocked by A.J. Jenks.
5:12 of 3rd period - Mike Hoffman is hit by Jesper Bratt.
6:34 of 3rd period - Slapshot by Trevor Carrick.
6:34 of 3rd period - Shot Blocked by Mike Hoffman.
6:36 of 3rd period - Slapshot by Trevor Carrick.
6:36 of 3rd period - Shot Misses the Net.
6:38 of 3rd period - Slapshot by Erik Brannstrom.
6:38 of 3rd period - Stopped by Jake Allen with a rebound.
8:14 of 3rd period - Wrist shot by Angelo Esposito.
8:14 of 3rd period - Shot Blocked by Frank Corrado.
8:24 of 3rd period - Backhand shot by Matthew Nieto.
8:24 of 3rd period - Shot Misses the Net.
8:46 of 3rd period - Slapshot by Joey Laleggia.
8:46 of 3rd period - Stopped by Michael Hutchinson with a rebound.
9:00 of 3rd period - Wrist shot by Barclay Goodrow.
9:00 of 3rd period - Goal by Barclay Goodrow - Bears : 3 - Heat : 5.
9:01 of 3rd period - Victor Rask wins face-off versus Sam Carrick in neutral zone.
9:08 of 3rd period - Wrist shot by Evgeny Svechnikov.
9:08 of 3rd period - Stopped by Jake Allen without a rebound.
9:09 of 3rd period - Sam Carrick wins face-off versus Evgeny Svechnikov in Bears zone.
9:20 of 3rd period - Snap shot by Derek Forbort.
9:20 of 3rd period - Deflect By Austin Czarnik.
9:20 of 3rd period - Stopped by Michael Hutchinson with a rebound.
9:22 of 3rd period - Slapshot by Derek Forbort.
9:22 of 3rd period - Deflect By Matthew Nieto.
9:22 of 3rd period - Stopped by Michael Hutchinson with a rebound.
9:24 of 3rd period - Slapshot by Mikko Vainonen.
9:24 of 3rd period - Shot Misses the Net.
10:03 of 3rd period - Eric Karlsson is hit by Jamie McGinn and loses puck.
10:18 of 3rd period - Mikko Vainonen is hit by Nico Sturm and loses puck.
10:24 of 3rd period - Off-side.
10:25 of 3rd period - Victor Rask wins face-off versus Sam Carrick in neutral zone.
10:51 of 3rd period - Joshua Leivo is hit by Jesper Bratt and loses puck.
11:00 of 3rd period - Slapshot by Philip Varone.
11:00 of 3rd period - Shot Misses the Net.
11:16 of 3rd period - Wrist shot by Nicolas Aube-Kubel.
11:16 of 3rd period - Stopped by Michael Hutchinson without a rebound.
11:17 of 3rd period - Angelo Esposito wins face-off versus Ryan Spooner in Heat zone.
11:18 of 3rd period - Snap shot by Jamie McGinn.
11:18 of 3rd period - Deflect By Nicolas Aube-Kubel.
11:18 of 3rd period - Stopped by Michael Hutchinson without a rebound.
11:19 of 3rd period - Angelo Esposito wins face-off versus Victor Rask in Heat zone.
11:20 of 3rd period - Snap shot by Nicolas Aube-Kubel.
11:20 of 3rd period - Shot Misses the Net.
11:22 of 3rd period - Wrist shot by Gianluca Curcuruto.
11:22 of 3rd period - Stopped by Michael Hutchinson without a rebound.
11:23 of 3rd period - Sam Carrick wins face-off versus Victor Rask in Heat zone.
11:34 of 3rd period - Wrist shot by Matthew Nieto.
11:34 of 3rd period - Stopped by Jake Allen with a rebound.
11:51 of 3rd period - Off-side.
11:52 of 3rd period - Philip Varone wins face-off versus Mike Hoffman in neutral zone.
11:59 of 3rd period - Jesper Bratt is hit by Zach Stepan and loses puck.
12:14 of 3rd period - Wrist shot by Mike Hoffman.
12:14 of 3rd period - Shot Misses the Net.
12:44 of 3rd period - Snap shot by Joshua Leivo.
12:44 of 3rd period - Shot Misses the Net.
12:46 of 3rd period - Snap shot by Zach Stepan.
12:46 of 3rd period - Shot Misses the Net.
12:48 of 3rd period - Slapshot by Zach Stepan.
12:48 of 3rd period - Shot Misses the Net.
12:50 of 3rd period - Snap shot by Mike Hoffman.
12:50 of 3rd period - Stopped by Michael Hutchinson with a rebound.
13:06 of 3rd period - Snap shot by Zach Stepan.
13:06 of 3rd period - Shot Blocked by Evgeny Svechnikov.
13:08 of 3rd period - Wrist shot by Joshua Leivo.
13:08 of 3rd period - Stopped by Michael Hutchinson without a rebound.
13:09 of 3rd period - Sam Carrick wins face-off versus Philip Varone in Heat zone.
13:30 of 3rd period - Minor Penalty to Sam Carrick for Holding.
13:31 of 3rd period - Philip Varone wins face-off versus Angelo Esposito in Bears zone.
14:08 of 3rd period - Snap shot by Philip Varone.
14:08 of 3rd period - Goal by Philip Varone - Bears : 3 - Heat : 6.
14:09 of 3rd period - Sam Carrick wins face-off versus Victor Rask in neutral zone.
14:36 of 3rd period - Rasmus Andersson is hit by Tommy Vannelli and loses puck.
14:53 of 3rd period - Barclay Goodrow is hit by Joey Laleggia and loses puck.
15:54 of 3rd period - Wrist shot by Barclay Goodrow.
15:54 of 3rd period - Shot Misses the Net.
15:56 of 3rd period - Snap shot by Barclay Goodrow.
15:56 of 3rd period - Stopped by Jake Allen with a rebound.
15:58 of 3rd period - Slapshot by Mathieu Brodeur.
15:58 of 3rd period - Stopped by Jake Allen without a rebound.
15:59 of 3rd period - Victor Rask wins face-off versus Sam Carrick in Bears zone.
16:22 of 3rd period - Minor Penalty to A.J. Jenks for Holding.
16:23 of 3rd period - Matthew Nieto wins face-off versus Sam Carrick in Bears zone.
16:34 of 3rd period - Slapshot by Matthew Nieto.
16:34 of 3rd period - Deflect By Evgeny Svechnikov.
16:34 of 3rd period - Shot Blocked by Gianluca Curcuruto.
16:34 of 3rd period - Puck is out of play.
16:35 of 3rd period - Victor Rask wins face-off versus Sam Carrick in Bears zone.
17:37 of 3rd period - Joey Laleggia is hit by Philip Varone and loses puck.
17:54 of 3rd period - Tommy Vannelli is hit by Victor Rask and loses puck.
18:20 of 3rd period - Slapshot by Rasmus Andersson.
18:20 of 3rd period - Stopped by Jake Allen with a rebound.
18:22 of 3rd period - Penalty to A.J. Jenks is over, A.J. Jenks is back on ice.
18:36 of 3rd period - Wrist shot by Mike Hoffman.
18:36 of 3rd period - Shot Misses the Net.
18:38 of 3rd period - Snap shot by A.J. Jenks.
18:38 of 3rd period - Shot Misses the Net.
18:40 of 3rd period - Wrist shot by Mike Hoffman.
18:40 of 3rd period - Shot Blocked by Frank Corrado.
18:42 of 3rd period - Slapshot by Tommy Vannelli.
18:42 of 3rd period - Stopped by Michael Hutchinson with a rebound.
18:44 of 3rd period - Wrist shot by Mike Hoffman.
18:44 of 3rd period - Shot Misses the Net.
18:46 of 3rd period - Slapshot by Tommy Vannelli.
18:46 of 3rd period - Stopped by Michael Hutchinson with a rebound.
19:03 of 3rd period - Icing by Victor Rask.
19:04 of 3rd period - Victor Rask wins face-off versus Vincent Dunn in Heat zone.
19:35 of 3rd period - Slapshot by Austin Wuthrich.
19:35 of 3rd period - Stopped by Michael Hutchinson with a rebound.
19:51 of 3rd period - Wrist shot by Cole Smith.
19:51 of 3rd period - Deflect By Austin Wuthrich.
19:51 of 3rd period - Stopped by Michael Hutchinson with a rebound.
19:53 of 3rd period - Slapshot by Austin Wuthrich.
19:53 of 3rd period - Shot Blocked by Victor Rask.
19:55 of 3rd period - Slapshot by Mikko Vainonen.
19:55 of 3rd period - Shot Misses the Net.
19:57 of 3rd period - Slapshot by Derek Forbort.
19:57 of 3rd period - Stopped by Michael Hutchinson with a rebound.
19:59 of 3rd period - Slapshot by Mikko Vainonen.
19:59 of 3rd period - Shot Blocked by Matthew Nieto.
Goals for this period are 1 for Bears vs 3 for Heat.
Shots for this period are 19 for Bears vs 10 for Heat.